Map: Troizinia LE

Players

MooEsqoo - Winner!

  • Race: Protoss Protoss
  • Spawn Location: 11:00

Rasengan - Winner!

  • Race: Protoss Protoss
  • Spawn Location: 11:00

ManuelABM - Winner!

  • Race: Protoss Protoss
  • Spawn Location: 12:00

vinceall - Winner!

  • Race: Protoss Protoss
  • Spawn Location: 9:00

LEGIER

  • Race: Zerg Zerg
  • League: Gold
  • Spawn Location: 5:00

Sergey

  • Race: Protoss Protoss
  • League: Gold
  • Spawn Location: 3:00

Саид

  • Race: Protoss Protoss
  • Spawn Location: 5:00

Corvilux

  • Race: Protoss Protoss
  • Spawn Location: 6:00

VOD

Have the link to the VOD?

Description

Time

  • Played on: Dec. 9, 2019, 5:58 p.m.
  • Length: 15:40
Show
View Real Time Build Order
Export as new Build Order

MooEsqoo Protoss - Winner!

Build Orders:  

Get SALT Encoding   

  12  0:02  Probe  
  13  0:18  Pylon  
  13  0:24  Probe  
  14  0:38  Gateway  
  14  0:39  Probe (Chrono Boost)  
  15  0:45  Assimilator  
  15  0:52  Probe (Chrono Boost)  
  16  1:00  Probe (Chrono Boost)  
  17  1:06  Probe  
  18  1:18  Probe  
  19  1:32  Cybernetics Core  
  19  1:46  Nexus  
  19  1:53  Pylon  
  19  1:57  Assimilator  
  19  1:59  Probe  
  20  2:06  Stalker (Chrono Boost)  
  20  2:12  Warp Gate  
  22  2:20  Pylon  
  22  2:29  Stalker  
  24  2:38  Probe  
  25  2:47  Gateway  
  25  2:50  Probe  
  26  3:01  Probe  
  26  3:02  Probe  
  28  3:06  Stalker  
  30  3:13  Probe  
  31  3:20  Gateway  
  31  3:21  Probe  
  31  3:25  Probe  
  33  3:33  Probe  
  34  3:36  Stalker  
  34  3:37  Probe  
  39  3:41  Sentry  
  39  3:52  Stargate  
  39  4:02  Shield Battery  
  39  4:09  Probe x2  
  41  4:19  Shield Battery  
  41  4:21  Probe x2  
  41  4:22  Assimilator  
  43  4:25  Assimilator  
  43  4:28  Stalker  
  45  4:32  Oracle (Chrono Boost)  
  45  4:33  Probe x2  
  50  4:42  Pylon  
  50  4:45  Probe  
  50  4:48  Stalker  
  53  4:54  Pylon  
  53  4:58  Probe  
  54  5:00  Probe  
  54  5:04  Sentry  
  57  5:10  Probe  
  57  5:12  Probe  
  59  5:22  Probe  
  59  5:24  Shield Battery  
  59  5:25  Probe  
  61  5:34  Probe  
  62  5:37  Probe  
  63  5:44  Stalker x3  
  63  5:46  Probe  
  70  5:51  Gateway  
  70  5:56  Gateway  
  70  6:01  Twilight Council  
  70  6:05  Forge  
  70  6:12  Pylon  
  70  6:15  Pylon  
  70  6:30  Probe x2  
  72  6:42  Probe x2  
  72  6:46  Stalker x3  
  69  7:24  Stalker x5  
  79  7:39  Void Ray  
  83  7:51  Stalker  
  83  7:56  Blink  
  85  8:01  Pylon  
  85  8:04  Pylon, Protoss Ground Weapons Level 1 (Chrono Boost)  
  85  8:06  Pylon  
  85  8:09  Pylon  
  85  8:11  Pylon  
  85  8:14  Twilight Council  
  85  8:28  Void Ray  
  85  8:34  Stalker x5  
  91  8:40  Pylon  
  99  8:41  Pylon  
  99  8:43  Pylon  
  99  8:45  Pylon  
  99  8:50  Gateway  
  99  8:51  Gateway  
  99  8:53  Gateway  
  99  8:55  Gateway  
  99  9:02  Stalker x3  
  103  9:03  Stalker x2  
  105  9:36  Photon Cannon  
  105  9:41  Photon Cannon  
  105  9:56  Templar Archives  
  105  10:02  Stalker x5  
  105  10:03  Stalker x2  
  105  10:04  Stalker  
  103  11:01  High Templar x6  
  103  11:02  High Templar x3  
  121  11:05  Archon x3  
  121  11:06  Archon  
  121  11:23  Fleet Beacon  
  121  11:36  Stargate  
  111  12:22  Stargate  
  111  12:23  Carrier  
  111  12:27  Zealot x7  
  111  12:28  Zealot x2, Charge (Chrono Boost)  
  135  12:30  Protoss Ground Weapons Level 2 (Chrono Boost)  
  135  13:32  Carrier  
  135  13:33  Carrier  
  147  13:45  Robotics Facility  
  147  14:00  Nexus  
  147  14:31  Zealot x4  
  147  14:32  Zealot  
  157  14:39  Pylon  
  157  14:41  Pylon  
  157  14:43  Pylon  
  157  14:44  Pylon  
  157  14:47  Pylon x2  
  157  14:49  Pylon  
Show
View Real Time Build Order
Export as new Build Order

Rasengan Protoss - Winner!

Build Orders: Nexus First, Carriers 

Get SALT Encoding   

  12  0:37  Nexus  
  12  0:49  Pylon  
  12  0:59  Pylon  
  12  1:12  Forge  
  12  1:28  Gateway  
  12  1:51  Photon Cannon  
  12  1:53  Photon Cannon  
  12  1:57  Probe (Chrono Boost)  
  13  2:07  Probe (Chrono Boost)  
  14  2:12  Probe (Chrono Boost)  
  15  2:23  Probe  
  15  2:26  Cybernetics Core  
  16  2:32  Assimilator  
  16  2:35  Probe  
  17  2:39  Assimilator  
  17  2:48  Probe  
  18  3:00  Probe (Chrono Boost)  
  19  3:08  Probe (Chrono Boost)  
  19  3:11  Probe (Chrono Boost)  
  21  3:16  Probe (Chrono Boost)  
  21  3:18  Probe (Chrono Boost)  
  23  3:21  Probe (Chrono Boost)  
  23  3:22  Pylon  
  23  3:26  Probe  
  25  3:28  Pylon  
  25  3:32  Probe  
  26  3:37  Pylon  
  26  3:44  Probe  
  27  3:56  Probe (Chrono Boost)  
  27  3:59  Stargate  
  27  4:00  Stargate  
  28  4:09  Probe (Chrono Boost)  
  29  4:15  Assimilator  
  30  4:17  Probe (Chrono Boost)  
  30  4:18  Assimilator  
  30  4:23  Probe  
  31  4:35  Probe (Chrono Boost)  
  32  4:39  Protoss Air Weapons Level 1 (Chrono Boost)  
  32  4:47  Probe (Chrono Boost)  
  32  4:51  Void Ray  
  37  4:56  Probe (Chrono Boost), Void Ray  
  42  5:01  Probe  
  43  5:13  Probe (Chrono Boost)  
  44  5:25  Probe (Chrono Boost)  
  45  5:33  Probe (Chrono Boost)  
  45  5:34  Void Ray  
  50  5:39  Void Ray  
  50  5:40  Probe  
  55  5:52  Probe  
  55  5:56  Nexus  
  56  6:00  Pylon  
  56  6:02  Pylon  
  56  6:03  Pylon  
  56  6:08  Assimilator  
  56  6:12  Assimilator  
  56  6:16  Probe (Chrono Boost)  
  58  6:26  Probe (Chrono Boost)  
  58  6:31  Probe (Chrono Boost)  
  58  6:34  Protoss Air Armor Level 1 (Chrono Boost)  
  58  6:35  Fleet Beacon  
  59  6:40  Stargate  
  59  6:42  Stargate  
  59  6:43  Probe, Stargate  
  60  7:33  Probe (Chrono Boost)  
  62  7:44  Probe (Chrono Boost)  
  62  7:48  Probe (Chrono Boost)  
  63  7:59  Probe  
  63  8:05  Carrier x3  
  82  8:11  Probe  
  82  8:12  Tempest  
  88  8:20  Probe  
  88  8:23  Probe  
  90  8:36  Protoss Air Weapons Level 2 (Chrono Boost), Probe  
  91  8:48  Probe, Carrier  
  98  9:07  Shield Battery  
  98  9:10  Shield Battery  
  98  9:12  Photon Cannon  
  98  9:13  Probe (Chrono Boost)  
  98  9:14  Photon Cannon  
  99  9:17  Photon Cannon  
  99  9:18  Photon Cannon  
  99  9:23  Probe (Chrono Boost)  
  100  9:27  Carrier  
  100  9:28  Probe (Chrono Boost)  
  107  9:39  Probe (Chrono Boost)  
  108  9:49  Probe (Chrono Boost)  
  109  10:05  Probe  
  106  10:08  Carrier  
  94  10:18  Probe  
  83  10:53  Protoss Air Armor Level 2 (Chrono Boost)  
  83  10:54  Carrier x4  
  107  11:27  Pylon  
  107  11:31  Pylon  
  107  11:36  Pylon  
  107  11:43  Pylon  
  107  11:45  Carrier  
  107  11:46  Pylon  
  108  11:56  Nexus  
  108  11:58  Carrier  
  108  12:00  Assimilator  
  114  12:03  Assimilator  
  114  12:06  Pylon  
  114  12:10  Pylon  
  114  12:12  Carrier x3  
  114  12:13  Pylon  
  132  12:16  Pylon  
  132  12:17  Pylon  
  132  12:49  Carrier  
  132  13:36  Carrier x2  
  132  13:37  Carrier x2  
  156  13:48  Probe (Chrono Boost)  
  157  13:58  Probe (Chrono Boost)  
  152  14:03  Probe (Chrono Boost)  
  135  14:14  Probe  
  118  14:26  Probe  
  107  15:09  Probe (Chrono Boost)  
  108  15:20  Probe (Chrono Boost)  
  109  15:24  Probe (Chrono Boost)  
  109  15:25  Probe (Chrono Boost)  
Show
View Real Time Build Order
Export as new Build Order

ManuelABM Protoss - Winner!

Build Orders: Cannon Rush, Carriers 

Get SALT Encoding   

  12  0:06  Probe  
  13  0:17  Pylon  
  13  0:24  Probe (Chrono Boost)  
  14  0:34  Probe (Chrono Boost)  
  15  0:38  Forge  
  15  0:50  Probe  
  16  1:02  Probe  
  17  1:14  Probe  
  18  1:22  Pylon  
  18  1:29  Pylon  
  18  1:41  Photon Cannon  
  18  1:42  Photon Cannon  
  18  1:45  Photon Cannon  
  18  1:47  Pylon  
  17  2:07  Photon Cannon  
  16  2:24  Photon Cannon  
  16  2:31  Photon Cannon  
  16  2:49  Assimilator  
  16  3:00  Pylon  
  16  3:05  Probe (Chrono Boost)  
  17  3:15  Assimilator, Probe (Chrono Boost)  
  18  3:20  Probe (Chrono Boost)  
  19  3:30  Photon Cannon  
  19  3:31  Probe  
  20  3:34  Nexus  
  20  3:43  Probe (Chrono Boost)  
  21  3:55  Probe (Chrono Boost)  
  22  4:00  Probe (Chrono Boost)  
  23  4:07  Pylon  
  23  4:09  Probe (Chrono Boost)  
  24  4:20  Probe (Chrono Boost)  
  25  4:25  Probe (Chrono Boost)  
  25  4:26  Photon Cannon  
  25  4:28  Photon Cannon  
  26  4:36  Probe (Chrono Boost)  
  28  4:46  Probe (Chrono Boost)  
  28  4:51  Probe (Chrono Boost)  
  30  4:56  Probe (Chrono Boost)  
  30  4:59  Probe (Chrono Boost), Gateway  
  31  5:03  Probe (Chrono Boost)  
  31  5:04  Probe (Chrono Boost)  
  33  5:15  Probe  
  34  5:28  Nexus  
  34  5:30  Pylon  
  34  5:41  Probe  
  35  5:44  Probe  
  36  5:50  Cybernetics Core  
  36  5:53  Probe  
  36  5:56  Probe  
  38  6:04  Photon Cannon  
  38  6:05  Probe, Photon Cannon  
  38  6:08  Probe  
  40  6:13  Assimilator  
  40  6:18  Assimilator  
  40  6:20  Probe  
  41  6:29  Pylon  
  41  6:37  Probe (Chrono Boost)  
  43  6:47  Probe (Chrono Boost), Stargate  
  43  6:51  Stargate  
  43  6:52  Probe (Chrono Boost)  
  43  6:53  Pylon  
  44  7:00  Probe (Chrono Boost)  
  46  7:09  Probe (Chrono Boost)  
  46  7:10  Probe (Chrono Boost)  
  46  7:12  Photon Cannon  
  46  7:14  Photon Cannon  
  46  7:15  Probe x2 (Chrono Boost)  
  48  7:17  Photon Cannon  
  48  7:18  Photon Cannon  
  49  7:24  Photon Cannon  
  49  7:26  Probe  
  49  7:27  Probe, Photon Cannon  
  49  7:29  Pylon  
  51  7:33  Protoss Shields Level 1 (Chrono Boost)  
  51  7:38  Probe  
  51  7:39  Probe, Protoss Air Weapons Level 1  
  51  7:41  Fleet Beacon  
  53  7:57  Stargate x2  
  53  8:01  Stargate  
  53  8:04  Photon Cannon  
  53  8:07  Probe (Chrono Boost)  
  54  8:12  Assimilator  
  54  8:16  Photon Cannon  
  54  8:17  Assimilator, Probe (Chrono Boost)  
  56  8:21  Probe (Chrono Boost)  
  57  8:27  Probe (Chrono Boost)  
  57  8:29  Probe (Chrono Boost)  
  57  8:33  Probe (Chrono Boost)  
  57  8:34  Probe (Chrono Boost), Phoenix x2  
  63  8:38  Photon Cannon  
  63  8:45  Probe x2  
  63  8:52  Pylon  
  63  8:54  Pylon  
  63  8:57  Pylon  
  63  8:58  Phoenix x3  
  63  8:59  Anion Pulse-Crystals (Chrono Boost)  
  69  9:15  Pylon  
  69  9:20  Photon Cannon  
  69  9:22  Photon Cannon  
  69  9:29  Pylon  
  69  9:34  Phoenix x2 (Chrono Boost)  
  69  9:35  Phoenix (Chrono Boost)  
  77  9:43  Phoenix (Chrono Boost)  
  79  9:48  Protoss Air Armor Level 1  
  79  9:49  Phoenix (Chrono Boost)  
  79  9:51  Phoenix (Chrono Boost)  
  79  9:56  Photon Cannon  
  81  10:08  Phoenix (Chrono Boost)  
  87  10:14  Phoenix x2 (Chrono Boost)  
  87  11:05  Phoenix x2  
  87  11:06  Phoenix x3  
  95  11:30  Phoenix x2  
  95  11:31  Phoenix x3  
  97  12:18  Carrier x2  
  97  12:19  Carrier  
  113  12:54  Nexus  
  113  12:57  Pylon  
  113  12:59  Assimilator  
  113  13:09  Pylon  
  113  13:11  Pylon  
  113  13:29  Carrier (Chrono Boost)  
  113  13:30  Carrier x2 (Chrono Boost)  
  131  13:51  Pylon  
  131  13:52  Pylon  
  131  13:53  Pylon  
  131  13:55  Pylon  
  131  13:58  Assimilator  
  131  14:02  Probe  
  132  14:03  Carrier x2 (Chrono Boost)  
  144  14:14  Probe  
  143  14:26  Probe  
  143  14:27  Carrier x2 (Chrono Boost)  
  143  14:29  Twilight Council  
  156  14:38  Probe  
Show
View Real Time Build Order
Export as new Build Order

vinceall Protoss - Winner!

Build Orders: Nexus First, Carriers 

Get SALT Encoding   

  12  0:02  Probe (Chrono Boost)  
  13  0:14  Pylon  
  13  0:17  Probe (Chrono Boost)  
  14  0:29  Probe  
  15  0:41  Probe  
  16  0:58  Nexus  
  16  1:09  Gateway  
  16  1:13  Probe (Chrono Boost)  
  17  1:23  Probe (Chrono Boost)  
  18  1:28  Probe (Chrono Boost)  
  19  1:35  Forge  
  19  1:39  Assimilator  
  19  1:40  Probe  
  19  1:46  Assimilator  
  20  1:52  Probe  
  21  1:59  Cybernetics Core  
  21  2:08  Pylon  
  21  2:13  Probe (Chrono Boost)  
  22  2:19  Pylon  
  23  2:24  Probe (Chrono Boost)  
  23  2:32  Probe (Chrono Boost)  
  24  2:42  Probe (Chrono Boost)  
  24  2:43  Stargate  
  25  2:49  Photon Cannon  
  25  2:52  Assimilator, Probe  
  26  2:59  Assimilator  
  26  3:04  Probe  
  27  3:08  Probe  
  28  3:16  Probe  
  28  3:19  Stargate  
  29  3:20  Probe  
  30  3:28  Probe  
  30  3:30  Photon Cannon  
  31  3:36  Void Ray (Chrono Boost)  
  35  3:51  Probe (Chrono Boost)  
  36  4:01  Probe (Chrono Boost)  
  37  4:02  Void Ray  
  37  4:06  Probe (Chrono Boost)  
  42  4:13  Stargate  
  42  4:17  Probe  
  43  4:33  Nexus  
  43  4:35  Pylon  
  43  4:45  Void Ray  
  47  4:53  Void Ray  
  47  4:57  Probe (Chrono Boost)  
  52  5:09  Probe (Chrono Boost)  
  54  5:15  Probe (Chrono Boost)  
  54  5:16  Probe (Chrono Boost)  
  54  5:19  Photon Cannon  
  55  5:22  Probe  
  55  5:23  Probe  
  55  5:26  Photon Cannon  
  57  5:34  Probe, Void Ray (Chrono Boost)  
  62  5:46  Pylon  
  62  5:49  Void Ray (Chrono Boost)  
  66  5:58  Probe (Chrono Boost)  
  67  6:07  Probe (Chrono Boost)  
  67  6:08  Protoss Air Weapons Level 1  
  72  6:12  Probe (Chrono Boost)  
  72  6:16  Void Ray (Chrono Boost)  
  73  6:19  Stargate  
  73  6:29  Photon Cannon  
  73  6:32  Stargate  
  73  6:34  Cybernetics Core  
  73  6:38  Pylon  
  73  6:46  Void Ray  
  77  6:55  Assimilator  
  77  6:59  Assimilator  
  77  7:06  Fleet Beacon  
  77  7:10  Void Ray  
  81  7:24  Void Ray  
  81  7:26  Protoss Air Armor Level 1  
  81  7:27  Probe  
  86  7:30  Probe  
  86  7:33  Probe  
  88  7:39  Probe  
  88  7:42  Probe  
  90  7:45  Probe  
  90  7:49  Pylon  
  91  7:52  Pylon  
  91  7:55  Unknown  
  91  7:57  Probe  
  92  7:58  Pylon  
  92  8:06  Void Ray  
  92  8:09  Robotics Facility  
  96  8:13  Pylon  
  96  8:14  Protoss Shields Level 1  
  96  8:22  Carrier  
  102  8:52  Photon Cannon  
  102  8:57  Pylon  
  102  9:00  Pylon  
  102  9:02  Carrier x2 (Chrono Boost)  
  114  9:06  Pylon  
  114  9:26  Void Ray (Chrono Boost)  
  122  9:36  Void Ray x2 (Chrono Boost)  
  122  9:39  Nexus  
  126  9:56  Assimilator  
  102  10:33  Carrier x2 (Chrono Boost)  
  102  10:34  Carrier (Chrono Boost)  
  102  10:35  Carrier (Chrono Boost)  
  120  11:00  Tempest (Chrono Boost)  
  125  11:29  Pylon  
  125  11:30  Tempest  
  125  11:31  Assimilator  
  130  11:33  Protoss Air Weapons Level 2  
  130  12:32  Carrier x4  
  130  12:33  Carrier  
  148  13:36  Tempest x2 (Chrono Boost)  
  148  13:37  Tempest (Chrono Boost)  
  148  13:39  Tempest (Chrono Boost)  
  120  13:58  Tempest (Chrono Boost)  
  107  14:14  Tempest x2 (Chrono Boost)  
  107  14:16  Observer  
  118  14:29  Tempest  
  123  14:33  Tempest  
Show
View Real Time Build Order
Export as new Build Order

LEGIER Zerg 

Build Orders: Hatch First 

Get SALT Encoding   

  12  0:03  Drone  
  13  0:11  Drone  
  14  0:17  Overlord  
  14  0:24  Extractor  
  14  0:26  Extractor  
  14  0:27  Drone  
  13  0:30  Drone  
  14  0:39  Drone  
  15  1:02  Hatchery  
  14  1:09  Drone  
  14  1:10  Drone  
  17  1:11  Drone  
  17  1:27  Spawning Pool  
  16  1:37  Drone  
  16  1:38  Drone  
  18  1:53  Overlord  
  18  2:15  Drone  
  18  2:16  Drone x3  
  22  2:24  Queen  
  22  2:28  Drone  
  25  2:35  Drone  
  26  2:44  Lair  
  26  2:51  Spore Crawler  
  26  2:56  Metabolic Boost  
  25  3:07  Drone x3  
  28  3:15  Spore Crawler  
  27  3:22  Extractor  
  27  3:23  Extractor  
  27  3:24  Drone x3  
  27  3:27  Drone  
  29  3:31  Drone  
  30  3:47  Spire  
  29  4:12  Drone x4  
  29  4:13  Hatchery  
  29  4:14  Extractor  
  29  4:16  Extractor  
  30  4:24  Drone x3  
  32  4:28  Pneumatized Carapace  
  33  4:39  Overlord  
  33  4:42  Overlord  
  33  4:49  Overlord  
  33  5:06  Mutalisk x3  
  39  5:09  Mutalisk  
  41  5:15  Mutalisk  
  41  5:20  Mutalisk  
  45  5:26  Mutalisk  
  47  5:30  Drone  
  48  5:36  Queen  
  50  5:45  Zerg Flyer Weapons Level 1  
  50  5:50  Drone x3  
  50  5:53  Drone  
  50  5:56  Drone  
  55  5:58  Drone  
  56  6:18  Drone x6  
  60  6:19  Drone x2  
  64  6:29  Mutalisk  
  66  6:32  Overlord  
  66  6:33  Overlord  
  66  6:35  Overlord  
  66  6:38  Overlord  
  66  6:53  Mutalisk x3  
  66  6:54  Mutalisk  
  70  6:57  Mutalisk  
  70  6:59  Mutalisk  
  78  7:02  Mutalisk  
  80  7:10  Drone  
  80  7:11  Drone  
  82  7:26  Mutalisk x4  
  82  7:27  Mutalisk x3  
  96  7:40  Zerg Flyer Armor Level 1  
  96  7:42  Mutalisk  
  98  7:45  Overlord  
  98  7:46  Overlord  
  98  7:48  Overlord  
  98  7:52  Overlord  
  98  8:14  Overlord x6  
  84  8:58  Mutalisk x6  
  84  8:59  Mutalisk x6  
  108  9:33  Zerg Flyer Weapons Level 2  
  108  9:43  Mutalisk x6  
  108  9:44  Mutalisk  
  122  9:58  Hatchery  
  121  10:00  Extractor x2  
  83  10:41  Mutalisk x5  
  83  10:42  Mutalisk x4  
  73  11:35  Mutalisk x2  
  73  11:36  Mutalisk x2  
  73  11:39  Overlord x5  
  79  11:40  Overlord x3  
  79  11:45  Drone  
  80  12:02  Hydralisk Den  
  78  12:18  Mutalisk x6  
  78  12:19  Mutalisk x3  
  96  12:42  Lurker Den  
  95  12:47  Evolution Chamber  
  95  12:51  Evolution Chamber  
Show
View Real Time Build Order
Export as new Build Order

Sergey Protoss 

Build Orders:  

Get SALT Encoding   

  12  0:04  Probe  
  13  0:16  Probe  
  14  0:28  Probe, Pylon  
  15  0:46  Probe  
  16  0:50  Gateway  
  16  1:05  Forge  
  16  1:10  Probe (Chrono Boost)  
  17  1:20  Assimilator  
  17  1:23  Probe (Chrono Boost)  
  18  1:28  Probe (Chrono Boost)  
  19  1:37  Probe  
  20  1:42  Pylon  
  20  1:49  Probe  
  21  1:54  Nexus  
  21  2:00  Zealot  
  22  2:09  Photon Cannon  
  22  2:17  Probe  
  22  2:19  Assimilator  
  24  2:30  Probe  
  24  2:32  Cybernetics Core  
  24  2:40  Pylon  
  24  2:52  Gateway  
  24  2:55  Pylon  
  24  3:01  Photon Cannon  
  24  3:10  Probe (Chrono Boost)  
  27  3:20  Probe (Chrono Boost)  
  27  3:21  Probe (Chrono Boost)  
  28  3:29  Probe (Chrono Boost)  
  28  3:33  Probe (Chrono Boost)  
  29  3:37  Probe (Chrono Boost)  
  31  3:41  Probe (Chrono Boost)  
  31  3:44  Probe (Chrono Boost), Stalker  
  31  3:46  Probe (Chrono Boost)  
  35  3:50  Probe  
  35  3:53  Pylon  
  35  3:55  Probe  
  36  3:57  Stargate  
  36  4:02  Pylon  
  37  4:08  Probe x2  
  39  4:11  Assimilator  
  39  4:17  Assimilator  
  39  4:20  Probe x2, Photon Cannon  
  41  4:25  Shield Battery  
  41  4:32  Probe x2  
  43  4:44  Probe x2  
  45  4:53  Fleet Beacon  
  45  4:55  Stargate  
  45  4:57  Probe  
  46  5:01  Photon Cannon  
  46  5:06  Photon Cannon  
  46  5:09  Probe  
  46  5:12  Stargate  
  47  5:19  Photon Cannon  
  47  5:28  Photon Cannon  
  47  5:43  Pylon  
  47  5:47  Pylon  
  47  5:51  Photon Cannon  
  47  5:58  Photon Cannon  
  47  6:08  Carrier x2  
  59  6:14  Tempest  
  64  6:24  Photon Cannon  
  64  6:30  Photon Cannon  
  64  6:34  Photon Cannon  
  64  6:43  Stargate  
  64  6:46  Stargate  
  64  7:01  Tempest  
  64  7:07  Pylon  
  69  7:19  Carrier  
  81  7:23  Carrier  
  81  7:33  Shield Battery  
  81  7:34  Photon Cannon  
  81  7:40  Tempest  
  86  7:49  Photon Cannon  
  86  7:57  Pylon  
  86  8:02  Tempest  
  91  8:27  Nexus  
  91  8:42  Tempest x2  
  101  8:56  Pylon  
  101  8:57  Pylon  
  101  8:59  Pylon  
  101  9:01  Pylon  
  101  9:05  Pylon  
  101  9:11  Tempest  
  106  9:24  Shield Battery  
  106  9:26  Shield Battery  
  106  9:29  Photon Cannon  
  106  9:30  Photon Cannon  
  106  9:33  Photon Cannon  
  106  9:40  Photon Cannon  
  106  9:47  Tempest  
  111  9:56  Probe (Chrono Boost)  
  112  10:07  Probe (Chrono Boost)  
  113  10:11  Probe (Chrono Boost)  
  108  10:22  Probe  
  98  10:33  Photon Cannon x2  
  98  10:34  Probe  
  91  10:35  Photon Cannon  
  91  10:38  Photon Cannon  
  91  10:40  Photon Cannon  
  90  10:54  Tempest x2  
  93  11:05  Photon Cannon  
  93  11:06  Pylon  
  93  11:08  Photon Cannon  
  93  11:09  Photon Cannon  
  93  11:15  Tempest  
  98  11:25  Tempest  
  98  11:53  Tempest x2  
  80  12:06  Tempest x2  
  82  12:15  Tempest  
Show
View Real Time Build Order
Export as new Build Order

Саид Protoss 

Build Orders:  

Get SALT Encoding   

  12  0:23  Probe (Chrono Boost)  
  13  0:33  Probe (Chrono Boost)  
  14  0:38  Probe (Chrono Boost)  
  14  0:39  Pylon  
  15  0:50  Pylon  
  16  0:57  Probe  
  16  1:12  Probe (Chrono Boost)  
  17  1:22  Probe (Chrono Boost)  
  17  1:24  Gateway  
  17  1:25  Assimilator  
  18  1:27  Probe (Chrono Boost)  
  19  1:35  Pylon  
  19  1:54  Forge  
  19  2:01  Probe  
  20  2:13  Probe  
  21  2:28  Cybernetics Core  
  21  2:30  Photon Cannon  
  21  2:31  Zealot  
  21  2:34  Gateway  
  23  2:49  Nexus  
  23  2:55  Pylon  
  23  3:03  Probe (Chrono Boost)  
  24  3:06  Assimilator  
  25  3:13  Probe (Chrono Boost)  
  25  3:17  Photon Cannon  
  25  3:20  Probe (Chrono Boost)  
  26  3:30  Stargate  
  26  3:43  Probe  
  26  3:45  Stalker  
  29  3:51  Stalker  
  31  4:03  Photon Cannon  
  31  4:05  Probe (Chrono Boost)  
  32  4:15  Probe (Chrono Boost), Stalker  
  35  4:21  Stalker  
  35  4:37  Void Ray  
  39  4:40  Assimilator  
  39  4:43  Pylon  
  40  4:46  Probe (Chrono Boost)  
  40  4:47  Probe (Chrono Boost)  
  41  4:57  Probe (Chrono Boost)  
  42  5:12  Pylon  
  42  5:22  Pylon  
  42  5:26  Pylon  
  42  5:32  Shield Battery  
  42  5:33  Shield Battery  
  42  5:36  Photon Cannon  
  42  5:39  Probe (Chrono Boost)  
  42  5:41  Void Ray  
  47  5:48  Stargate  
  47  5:49  Probe (Chrono Boost)  
  48  5:54  Probe (Chrono Boost)  
  48  5:55  Assimilator  
  49  6:06  Probe  
  50  6:11  Photon Cannon x2  
  50  6:43  Photon Cannon  
  33  7:03  Probe (Chrono Boost)  
  42  7:13  Probe (Chrono Boost)  
  30  7:39  Nexus  
  26  7:51  Assimilator  
  26  7:52  Probe (Chrono Boost)  
  27  7:58  Assimilator  
  27  8:01  Probe (Chrono Boost), Stargate  
  27  8:02  Pylon  
  28  8:08  Stargate  
  28  8:09  Pylon  
  28  8:21  Photon Cannon  
  28  8:26  Probe (Chrono Boost)  
  29  8:28  Pylon  
  29  8:36  Probe (Chrono Boost)  
  29  8:40  Probe (Chrono Boost)  
  30  8:46  Void Ray  
  35  8:53  Void Ray  
  35  8:54  Probe (Chrono Boost)  
  42  9:03  Probe (Chrono Boost)  
  42  9:04  Probe (Chrono Boost)  
  43  9:11  Probe (Chrono Boost)  
  43  9:12  Probe (Chrono Boost)  
  43  9:16  Probe (Chrono Boost)  
  44  9:22  Protoss Shields Level 1 (Chrono Boost)  
  44  9:24  Protoss Air Weapons Level 1 (Chrono Boost)  
  45  9:29  Void Ray  
  49  9:38  Probe  
  50  9:51  Probe  
  51  10:06  Void Ray  
  55  10:11  Probe (Chrono Boost)  
  55  10:12  Void Ray  
  60  10:20  Probe (Chrono Boost)  
  60  10:21  Probe (Chrono Boost)  
  62  10:26  Probe (Chrono Boost)  
  63  10:40  Pylon  
  63  10:46  Pylon  
  63  10:49  Void Ray  
  67  11:02  Void Ray  
  71  11:25  Protoss Air Armor Level 1  
  67  11:32  Void Ray  
  71  11:41  Fleet Beacon  
  71  11:44  Probe (Chrono Boost), Void Ray  
  76  11:49  Photon Cannon  
  76  11:52  Shield Battery  
  76  11:53  Probe (Chrono Boost)  
  77  12:04  Probe (Chrono Boost)  
  79  12:09  Probe (Chrono Boost)  
  79  12:15  Probe (Chrono Boost), Void Ray  
  84  12:18  Probe (Chrono Boost)  
  85  12:27  Void Ray  
  85  12:29  Nexus  
  89  12:32  Assimilator  
  89  12:38  Assimilator  
  89  12:43  Pylon  
  89  12:49  Pylon  
  89  12:50  Shield Battery  
  89  12:55  Shield Battery  
  89  13:00  Pylon  
  89  13:07  Void Ray  
  89  13:10  Void Ray  
  57  14:41  Photon Cannon  
  57  14:44  Stalker  
Show
View Real Time Build Order
Export as new Build Order

Corvilux Protoss 

Build Orders: Nexus First, Carriers 

Get SALT Encoding   

  12  0:01  Probe (Chrono Boost)  
  13  0:12  Probe (Chrono Boost)  
  14  0:23  Pylon  
  14  0:31  Probe  
  15  0:43  Probe  
  16  0:56  Probe  
  17  1:03  Nexus  
  17  1:08  Probe (Chrono Boost)  
  18  1:35  Gateway  
  18  1:37  Forge  
  18  1:46  Gateway  
  18  2:33  Probe (Chrono Boost)  
  19  2:37  Photon Cannon  
  19  2:43  Assimilator, Probe (Chrono Boost)  
  20  2:47  Probe (Chrono Boost)  
  22  2:53  Probe (Chrono Boost)  
  22  2:54  Probe (Chrono Boost)  
  23  2:58  Photon Cannon  
  23  3:01  Probe  
  24  3:08  Pylon  
  24  3:15  Pylon  
  24  3:25  Probe, Photon Cannon  
  25  3:32  Assimilator  
  26  3:35  Probe (Chrono Boost)  
  26  3:37  Probe (Chrono Boost)  
  26  3:39  Assimilator  
  27  3:46  Pylon  
  27  3:48  Probe (Chrono Boost)  
  29  3:51  Probe (Chrono Boost)  
  29  3:53  Probe (Chrono Boost)  
  30  4:01  Assimilator  
  30  4:04  Probe (Chrono Boost)  
  31  4:10  Cybernetics Core  
  31  4:12  Probe (Chrono Boost)  
  33  4:21  Probe (Chrono Boost)  
  33  4:22  Probe (Chrono Boost)  
  34  4:28  Probe (Chrono Boost)  
  35  4:36  Pylon  
  35  4:37  Probe (Chrono Boost)  
  36  4:40  Probe (Chrono Boost)  
  37  4:47  Probe (Chrono Boost)  
  37  4:49  Probe (Chrono Boost)  
  37  4:51  Stargate  
  37  4:52  Probe (Chrono Boost)  
  39  4:54  Probe  
  39  4:56  Robotics Facility  
  41  5:03  Probe  
  41  5:06  Probe  
  43  5:11  Stargate  
  43  5:15  Probe  
  43  5:18  Probe  
  45  5:21  Pylon  
  45  5:26  Pylon  
  45  5:27  Probe  
  46  5:40  Pylon  
  46  5:43  Pylon  
  46  5:46  Observer  
  46  5:49  Fleet Beacon  
  47  6:05  Stargate  
  47  6:07  Nexus, Pylon, Observer  
  47  6:10  Pylon  
  48  6:24  Assimilator  
  48  6:28  Assimilator  
  48  6:32  Pylon  
  48  6:33  Anion Pulse-Crystals  
  48  6:35  Pylon  
  48  6:37  Carrier (Chrono Boost)  
  48  6:38  Pylon  
  48  6:40  Pylon  
  54  6:56  Photon Cannon  
  54  6:57  Photon Cannon  
  54  7:00  Photon Cannon  
  54  7:02  Photon Cannon  
  54  7:05  Shield Battery  
  54  7:07  Shield Battery  
  54  7:10  Shield Battery  
  54  7:15  Carrier (Chrono Boost)  
  60  7:27  Carrier (Chrono Boost)  
  72  7:46  Probe (Chrono Boost)  
  72  7:47  Carrier (Chrono Boost)  
  73  7:57  Probe (Chrono Boost)  
  74  8:01  Probe (Chrono Boost)  
  75  8:12  Probe x2  
  76  8:17  Probe  
  76  8:19  Protoss Air Weapons Level 1 (Chrono Boost)  
  78  8:24  Probe  
  78  8:25  Probe  
  80  8:30  Probe  
  81  8:37  Probe x2  
  83  8:46  Carrier x2  
  95  8:49  Probe x2  
  97  9:00  Protoss Shields Level 1 (Chrono Boost)  
  97  9:01  Probe x2  
  99  9:06  Stargate  
  99  9:08  Stargate  
  99  9:10  Cybernetics Core  
  99  9:12  Twilight Council  
  99  9:19  Carrier  
  105  9:30  Observer  
  106  9:56  Carrier x2  
  118  10:07  Protoss Air Armor Level 1  
  118  10:10  Carrier  
  108  11:01  Void Ray x4  
  124  11:20  Probe (Chrono Boost)  
  125  11:30  Probe (Chrono Boost)  
  125  11:31  Protoss Air Weapons Level 2 (Chrono Boost)  
  126  11:35  Probe (Chrono Boost)  
  126  11:39  Void Ray  
  131  11:43  Void Ray  
  131  11:46  Probe  
  136  11:58  Probe  
  137  12:05  Void Ray x2  
  145  12:24  Photon Cannon  
  145  12:27  Photon Cannon  
  145  12:31  Photon Cannon  
  145  12:32  Photon Cannon  
  145  12:35  Photon Cannon  
  145  12:37  Photon Cannon  
  145  12:38  Pylon  
  145  12:41  Shield Battery  
  145  12:44  Shield Battery  
  145  12:46  Photon Cannon  
  145  12:57  Protoss Air Armor Level 2 (Chrono Boost)  
  145  12:59  Void Ray x2  
  153  13:30  Void Ray x2  
  153  13:31  Void Ray  
  165  13:42  Void Ray x2  
  137  14:13  Void Ray x2  
  129  14:19  Void Ray  
  117  14:25  Void Ray (Chrono Boost)  
  117  14:26  Void Ray (Chrono Boost)  
  117  14:36  Stargate  
  109  14:42  Stargate  
  109  14:53  Void Ray x2 (Chrono Boost)  
  109  14:59  Void Ray (Chrono Boost)  
Tags
 
Add a new tag
Caveats
  • Supply blocks, unpowered buildings, or Contaminate may cause inaccurate times.
  • Supply counts are checked every 10 seconds.